 Dungeon Crawl Stone Soup version 0.22-a0-467-g5c5de1c (webtiles) character file.

3202 tilp the Spear-Bearer (level 9, -2/65 HPs)
             Began as a Merfolk Ice Elementalist on June 10, 2018.
             Was a Follower of Makhleb.
             Slain by a two-headed ogre
             ... wielding a +0 giant club
              (9 damage)
             ... on level 8 of the Dungeon.
             The game lasted 00:24:28 (9926 turns).

tilp the Spear-Bearer (Merfolk Ice Elementalist)    Turns: 9926, Time: 00:24:29

Health: -2/65      AC: 10    Str: 11    XL:     9   Next: 96%
Magic:  12/12      EV: 18    Int: 17    God:    Makhleb [*.....]
Gold:   450        SH:  0    Dex: 18    Spells: 6/12 levels left

rFire    + . .     SeeInvis .   A - +1 trident
rCold    . . .     Gourm    .   (no shield)
rNeg     . . .     Faith    .   a - +2 robe {rF+}
rPois    .         Spirit   .   r - +2 helmet
rElec    .         Reflect  .   (no cloak)
rCorr    .         Harm     .   z - +2 pair of gloves
MR       .....                  (no boots)
Stlth    ++........             (no amulet)
HPRegen  0.20/turn              p - +4 ring of dexterity
MPRegen  0.13/turn              I - +2 ring of strength

@: very slightly contaminated, invisible
A: change form in water, swift swim, stealthy swim
a: Renounce Religion


You were on level 8 of the Dungeon.
You worshipped Makhleb.
Makhleb was aware of your devotion.
You were not hungry.

You visited 1 branch of the dungeon, and saw 8 of its levels.

You collected 450 gold pieces.

Inventory:

Hand Weapons
 m - a +1 short sword of speed
 w - a +0 spear
 A - a +1 trident (weapon)
Missiles
 l - 70 stones
 y - 4 tomahawks (quivered)
Armour
 a - a +2 robe of fire resistance (worn)
 r - a +2 helmet (worn)
 z - a +2 pair of gloves (worn)
Magical Staves
 g - an uncursed staff of power {unknown}
Jewellery
 p - a +4 ring of dexterity (left hand)
 I - a +2 ring of strength (right hand)
Wands
 o - a wand of disintegration (13)
 q - a wand of enslavement (28)
 t - a wand of iceblast (8)
Scrolls
 b - a scroll of random uselessness {unknown}
 e - 2 scrolls of identify
 h - a scroll of immolation {unknown}
 s - a scroll of amnesia {unknown}
 u - a scroll of enchant weapon
 x - 3 scrolls of remove curse
 C - 2 scrolls of teleportation
 D - a scroll of enchant armour
 E - a scroll of magic mapping
 F - a scroll of fear {unknown}
 H - a scroll of blinking {unknown}
 J - a scroll of noise {unknown}
Potions
 d - 4 potions of heal wounds
 f - a potion of brilliance
 i - 2 potions of mutation
 j - a potion of ambrosia
 k - a potion of curing
 n - 3 potions of flight
 v - a potion of haste
 B - a potion of invisibility
 G - a potion of lignification
Comestibles
 c - 19 rations


   Skills:
 - Level 4.0 Fighting
 + Level 13.1 Polearms
 - Level 8.0 Dodging
 - Level 2.1 Stealth
 - Level 2.0 Spellcasting
 - Level 2.0 Conjurations
 - Level 6.0 Ice Magic
 - Level 4.0 Evocations


You had 6 spell levels left.
You knew the following spells:

 Your Spells              Type           Power        Failure   Level  Hunger
a - Freeze                Ice            ###.         1%          1    #......
b - Throw Frost           Conj/Ice       ###...       5%          2    ###....
c - Ozocubu's Armour      Chrm/Ice       ##......     17%         3    ###....

Your spell library contained the following spells:

 Spells                   Type           Power        Failure   Level  Hunger
 Summon Ice Beast         Ice/Summ       ##......     50%         4    #####..
 Spider Form              Tmut/Pois      #.........   50%         3    ###....
 Blade Hands              Tmut           #.........   99%         5    ######.
 Ice Form                 Ice/Tmut       ##......     50%         4    #####..
 Throw Icicle             Conj/Ice       ###.....     36%         4    #####..
 Sticks to Snakes         Tmut           #.......     28%         2    ###....
 Beastly Appendage        Tmut           #.....       19%         1    #......


Dungeon Overview and Level Annotations

Branches:
Dungeon (8/15)             Temple (0/1) D:7
   Lair: D:8-11

Altars:
Cheibriados
Elyvilon
Kikubaaqudgha
Makhleb
Okawaru
Ru
Sif Muna
Trog
Vehumet
Wu Jian
Xom

Shops:
D:4 }


Message History

A two-headed ogre is nearby!
A hound zombie comes into view.
Things that are here:
a club; a scale mail
There is a stone staircase leading up here.
You catch the helpless two-headed ogre completely off-guard!
You hit the two-headed ogre.
The two-headed ogre is lightly wounded.
The two-headed ogre hits you with a giant club.
The two-headed ogre completely misses you.
You hit the two-headed ogre.
The two-headed ogre is lightly wounded.
You barely miss the two-headed ogre.
The two-headed ogre is lightly wounded.
The two-headed ogre hits you with a giant club!! x2
* * * LOW HITPOINT WARNING * * *
You hit the two-headed ogre.
The two-headed ogre is lightly wounded.
The two-headed ogre hits you with a giant club!
You die...

#.###$#.# #.# #.#.. #.#
#..## #. # ... ...###
###.. #.# #.# #...
.#..#
#...####.####.###......
#......#.).........##
#....O.<##..##.....#
....##@#..###.#....#..
. #.##..)..))# .#
#.###.#...### .#
............######
..#...##....#.#.#.
.###.######..#).... #
#. #..))#.#' ..
#..#.#.#ยง #. #..#.#.##


You could see a two-headed ogre.

Vanquished Creatures
  The ghost of Curus the Insei, a novice MfTm (D:4)
  A hippogriff (D:8)
  A wyvern (D:7)
  3 ice beasts
  2 orc warriors
  4 ogres
  4 centaurs
  2 scorpions (D:5)
  4 wights (D:8)
  2 howler monkeys (D:8)
  A bullfrog zombie (D:6)
  2 crimson imps (D:6)
  A centaur zombie (D:8)
  A quasit (D:5)
  3 orc priests
  8 orc wizards
  2 bullfrog skeletons
  A centaur skeleton (D:7)
  3 hounds (D:6)
  2 jellies
  An iguana (D:6)
  5 worker ants
  The ghost of wazuzu the Grave Robber, a weakling GnWn (D:3)
  2 worker ant zombies
  11 adders
  5 shadow imps
  2 oozes
  2 adder zombies
  2 adder skeletons
  3 dart slugs
  4 leopard geckos
  19 orcs
  A ball python (D:4)
  9 bats
  8 giant cockroaches
  5 hobgoblins
  14 jackals
  4 kobolds
  4 quokkas
  5 frilled lizards
  4 goblins
  3 quokka skeletons
  A quokka zombie (D:6)
  6 rats
169 creatures vanquished.

Vanquished Creatures (others)
  A human (D:3)
  A quokka (D:6)
2 creatures vanquished.

Grand Total: 171 creatures vanquished

Notes
Turn   | Place    | Note
-------+----------+-------------------------------------------
     0 | D:1      | tilp the Merfolk Ice Elementalist began the quest for the Orb.
     0 | D:1      | Reached XP level 1. HP: 13/13 MP: 3/3
   140 | D:1      | Reached XP level 2. HP: 18/19 MP: 3/5
   144 | D:1      | Learned a level 2 spell: Throw Frost
   905 | D:2      | Reached XP level 3. HP: 21/24 MP: 0/6
   910 | D:2      | Learned a level 3 spell: Ozocubu's Armour
  1298 | D:2      | Found a deep blue altar of Sif Muna.
  1529 | D:2      | Found an ornate altar of the Wu Jian Council.
  1590 | D:2      | Reached skill level 5 in Ice Magic
  1703 | D:2      | Reached XP level 4. HP: 18/30 MP: 1/7
  1920 | D:3      | Noticed wazuzu's ghost (weakling GnWn)
  2514 | D:3      | Killed wazuzu's ghost
  2634 | D:3      | Found a bloodstained altar of Trog.
  2674 | D:3      | Found a sacrificial altar of Ru.
  2731 | D:3      | Reached XP level 5. HP: 35/35 MP: 5/8
  2966 | D:3      | Reached skill level 1 in Fighting
  3268 | D:3      | Found an ancient bone altar of Kikubaaqudgha.
  3268 | D:3      | Noticed a human
  3273 | D:3      | Killed a human
  3417 | D:4      | Noticed an ogre
  3501 | D:4      | Noticed Curus's ghost (novice MfTm)
  3571 | D:4      | Killed Curus's ghost
  3571 | D:4      | Reached skill level 4 in Polearms
  3571 | D:4      | Reached XP level 6. HP: 3/48 MP: 0/9
  3980 | D:4      | Reached XP level 7. HP: 40/53 MP: 5/10
  4185 | D:4      | Found Catetuwo's Gadget Shoppe.
  4243 | D:4      | Reached skill level 5 in Polearms
  4685 | D:4      | Reached skill level 6 in Polearms
  5214 | D:5      | Entered Level 5 of the Dungeon
  5274 | D:5      | Reached skill level 7 in Polearms
  5274 | D:5      | Reached skill level 5 in Dodging
  5455 | D:5      | Reached XP level 8. HP: 60/60 MP: 3/11
  5814 | D:5      | Found an iron altar of Okawaru.
  5874 | D:5      | Reached skill level 8 in Polearms
  6307 | D:5      | Found a snail-covered altar of Cheibriados.
  6681 | D:6      | Reached skill level 9 in Polearms
  6979 | D:6      | Found a white marble altar of Elyvilon.
  7094 | D:6      | Reached skill level 1 in Evocations
  7192 | D:6      | Reached skill level 10 in Polearms
  7192 | D:6      | Reached XP level 9. HP: 45/65 MP: 12/12
  7906 | D:6      | Found a burning altar of Makhleb.
  7907 | D:6      | Found a shimmering altar of Xom.
  7915 | D:6      | Became a worshipper of Makhleb the Destroyer
  8143 | D:7      | Reached skill level 11 in Polearms
  8609 | D:7      | Found a staircase to the Ecumenical Temple.
  9163 | D:8      | Found a radiant altar of Vehumet.
  9249 | D:8      | Reached skill level 1 in Conjurations
  9272 | D:8      | Noticed a two-headed ogre
  9618 | D:8      | Reached * piety under Makhleb
  9672 | D:8      | Reached skill level 12 in Polearms
  9866 | D:8      | Reached skill level 13 in Polearms
  9926 | D:8      | Slain by a two-headed ogre

Vault maps used:
D:1:      lightli_arrival_maybe_door_vault
D:2:      overflow_temple_1_default, lemuel_doored_altar
D:3:      lightli_temple_of_fire, old_standard_altar, tgw_kikubaaqudgha
D:4:      serial_shops, shop, first_ration
D:5:      kennysheep_little_box, lemuel_round_altar
D:6:      grunt_temple_overflow_champion_of_chaos, elyvilon_altar_4
D:7:      temple_pool_b
D:8:      lemuel_crystal_altar, grunt_pizzeria

Skill      XL: |  1  2  3  4  5  6  7  8  9 |
---------------+----------------------------+-----
Ice Magic      | 4 5 6 |  6.0
Fighting       | 3 4 |  4.0
Polearms       | 4 7 10 13 | 13.1
Dodging        | 5 8 |  8.0
Evocations     | 1 4 |  4.0
Conjurations   | 2 |  2.0
Stealth        | |  2.1
Spellcasting   | |  2.0

Action                   |  1- 3 |  4- 6 |  7- 9 || total
-------------------------+-------+-------+-------++-------
Melee: Dagger            |    32 |    40 |       ||    72
       Unarmed           |     1 |       |       ||     1
       Short sword       |       |    20 |   222 ||   242
       Trident           |       |       |   122 ||   122
       Spear             |       |       |   116 ||   116
Throw: Tomahawk          |       |       |    15 ||    15
 Cast: Freeze            |    41 |    48 |   155 ||   244
       Ozocubu's Armour  |       |     7 |    39 ||    46
       Throw Frost       |       |       |     4 ||     4
Evoke: Wand              |       |       |     2 ||     2
  Use: Scroll            |       |     4 |    13 ||    17
       Potion            |       |     1 |     2 ||     3
 Stab: Sleeping          |     5 |     5 |     5 ||    15
       Invisible         |       |       |     1 ||     1
  Eat: Chunk             |     3 |     7 |    23 ||    33
       Ration            |       |     1 |     1 ||     2
Armor: Robe              |    17 |    32 |   115 ||   164
       Skin              |       |       |    36 ||    36
Dodge: Dodged            |    46 |    78 |   336 ||   460

Table legend:
 A = Spawn XP
 B = Non-spawn XP
 C = Spawn XP percentage of total XP
 D = Spawn monster count
 E = Non-spawn monster count
 F = Spawn count percentage of total count
 G = Total turns spent on level
                    A         B        C        D         E        F      G
               +---------+---------+-------+---------+---------+-------+---------
         Total |       0 |    4575 |   0.0 |       0 |     169 |   0.0 |  9926
               +---------+---------+-------+---------+---------+-------+---------
           D:1 |       0 |      26 |   0.0 |       0 |      14 |   0.0 |   812
           D:2 |       0 |      76 |   0.0 |       0 |      20 |   0.0 |  1675
           D:3 |       0 |      89 |   0.0 |       0 |      24 |   0.0 |   949
           D:4 |       0 |     831 |   0.0 |       0 |      24 |   0.0 |  1778
           D:5 |       0 |     555 |   0.0 |       0 |      16 |   0.0 |  1313
           D:6 |       0 |    1510 |   0.0 |       0 |      35 |   0.0 |  1845
           D:7 |       0 |     622 |   0.0 |       0 |      13 |   0.0 |  1020
           D:8 |       0 |     866 |   0.0 |       0 |      23 |   0.0 |   534
               +---------+---------+-------+---------+---------+-------+---------
